[Event "46th GRE-chT Premier 2018"]
[Site "Rio Achaia"]
[Date "2018.07.12"]
[Round "4"]
[White "Vlahos, Kiriakos"]
[Black "Lagopatis, Nikolaos"]
[Result "1/2-1/2"]
[ECO "A22"]
[WhiteElo "2293"]
[BlackElo "2100"]
[Annotator "NA"]
[PlyCount "76"]
[EventDate "2018.07.10"]
[EventType "team-tourn"]
[EventCountry "GRE"]
[SourceTitle "playchess.com"]
[Source "ChessBase"]
[SourceQuality "1"]
[TimeControl "40/5400+30:1800+30"]

1. c4 e5 2. Nc3 Nf6 3. Nf3 d6 4. d4 Nbd7 5. g3 Be7 6. Bg2 O-O 7. O-O c6 8. e4 b5 9. cxb5 cxb5 10. Nxb5 Ba6 11. a4 Qb6 12. Be3 Ng4 13. Bg5 Bxg5 14. Nxg5 Ngf6 15. Re1 Bxb5 16. axb5 Qxb5 17. Ra2 a5 18. Nf3 Rfb8 19. Qe2 Qb4 20. dxe5 dxe5 21. Bh3 a4 22. Bxd7 Nxd7 23. Rea1 f6 24. Nd2 Rc8 25. Qd3 Nb6 26. Nf1 Rd8 27. Qe2 Rd4 28. f3 Rad8 29. Kh1 Rd3 30. Ra3 Qd4 31. Rxd3 Qxd3 32. Qxd3 Rxd3 33. Kg2 Rd4 34. Ra2 Rb4 35. Ne3 Kf7 36. Kf2 Nc4 37. Nxc4 Rxc4 38. Ke3 Rb4 {[%emt 0:01:18] Kd4} 1/2-1/2

[Event "46th GRE-chT Premier 2018"]
[Site "Rio Achaia"]
[Date "2018.07.12"]
[Round "4"]
[White "Botsari, Anna-Maria"]
[Black "Zawadzka, Jolanta"]
[Result "0-1"]
[ECO "D70"]
[WhiteElo "2284"]
[BlackElo "2439"]
[Annotator "NA"]
[PlyCount "88"]
[EventDate "2018.07.10"]
[EventType "team-tourn"]
[EventCountry "GRE"]
[SourceTitle "playchess.com"]
[Source "ChessBase"]
[SourceQuality "1"]
[TimeControl "40/5400+30:1800+30"]

1. d4 Nf6 2. c4 g6 3. Nf3 Bg7 4. e3 O-O 5. Be2 d6 6. Nc3 Nc6 7. d5 Nb4 8. a3 Na6 9. Nd4 e5 10. dxe6 fxe6 11. O-O Qe7 12. b4 e5 13. Nb3 c6 14. e4 Be6 15. Bg5 Rad8 16. Ra2 Qf7 17. Rd2 Bxc4 18. Bxc4 Qxc4 19. Qc2 Rd7 20. Na5 Qe6 21. Be3 d5 22. Bxa7 d4 23. Na4 Bh6 24. Rdd1 Ng4 25. Nb2 Rdf7 26. Nd3 Ne3 27. Qe2 Nxf1 28. Rxf1 Bg5 29. Bc5 Re8 30. Qc2 Bd8 31. Nc4 Bc7 32. a4 Nb8 33. a5 Nd7 34. f3 h5 35. h3 Kh7 36. Ra1 Ra8 37. Rf1 g5 38. Re1 g4 39. hxg4 hxg4 40. Kf2 Qh6 41. Qc1 Rxf3+ 42. gxf3 Qh2+ 43. Kf1 gxf3 44. Qg5 Rg8 0-1

[Event "46th GRE-chT Premier 2018"]
[Site "Rio Achaia"]
[Date "2018.07.12"]
[Round "4"]
[White "Michaelides, Konstantinos"]
[Black "Tsiros, Fragkiskos Vlasios"]
[Result "1/2-1/2"]
[ECO "A41"]
[WhiteElo "2282"]
[BlackElo "2181"]
[Annotator "NA"]
[PlyCount "85"]
[EventDate "2018.07.10"]
[EventType "team-tourn"]
[EventCountry "GRE"]
[SourceTitle "playchess.com"]
[Source "ChessBase"]
[SourceQuality "1"]
[TimeControl "40/5400+30:1800+30"]

1. d4 d6 2. c4 e5 3. Nc3 exd4 4. Qxd4 Nc6 5. Qd2 Nf6 6. Nf3 g6 7. b3 Bg7 8. Bb2 O-O 9. e3 a5 10. Be2 Bf5 11. O-O Ne4 12. Nxe4 Bxb2 13. Qxb2 Bxe4 14. Nd2 Bf5 15. Rad1 Qe7 16. Bf3 Bd3 17. Rfe1 Nb4 18. Be2 Qe5 19. Qxe5 dxe5 20. Bxd3 Nxd3 21. Re2 Rfd8 22. Ne4 f5 23. Nc3 Nc5 24. Red2 Rxd2 25. Rxd2 c6 26. Kf1 Kf7 27. Ke2 Ke6 28. Kd1 Rb8 29. f3 g5 30. Kc2 b5 31. cxb5 cxb5 32. Kb2 b4 33. Nd1 e4 34. Nf2 Ke5 35. Rc2 Rb5 36. Rc4 g4 37. fxg4 f4 38. exf4+ Kxf4 39. Kc2 Ke3 40. Nd1+ Kf4 41. Nf2 Ke3 42. Nd1+ Kf4 43. Nf2 {[%emt 0:00:51] e3} 1/2-1/2

[Event "46th GRE-chT Premier 2018"]
[Site "Rio Achaia"]
[Date "2018.07.12"]
[Round "4"]
[White "Drakoulakos, Grigorios"]
[Black "Skalkotas, Nikolaos"]
[Result "1-0"]
[ECO "C41"]
[WhiteElo "2276"]
[BlackElo "2044"]
[Annotator "NA"]
[PlyCount "71"]
[EventDate "2018.07.10"]
[EventType "team-tourn"]
[EventCountry "GRE"]
[SourceTitle "playchess.com"]
[Source "ChessBase"]
[SourceQuality "1"]
[TimeControl "40/5400+30:1800+30"]

1. e4 e5 2. Nf3 d6 3. d4 Nf6 4. Nc3 Nbd7 5. Bc4 Be7 6. O-O O-O 7. Re1 c6 8. a4 b6 9. h3 a6 10. Be3 Bb7 11. Ba2 b5 12. d5 cxd5 13. Nxd5 Nxe4 14. axb5 axb5 15. Qd3 Nef6 16. Qxb5 Bxd5 17. Bxd5 Rb8 18. Bb7 d5 19. Ba7 Qc7 20. Bxb8 Rxb8 21. Ra8 Rxa8 22. Bxa8 Qxc2 23. Nxe5 Nxe5 24. Qb8+ Bf8 25. Qxe5 h6 26. Qc3 Qa4 27. Bc6 Qa7 28. Qf3 Qc5 29. Qc3 Qa7 30. Qc2 Bc5 31. Qf5 Qb6 32. Bxd5 Qxb2 33. Bxf7+ Kxf7 34. Qxc5 Qd2 35. Qe7+ Kg6 36. Qe6 1-0

[Event "46th GRE-chT Premier 2018"]
[Site "Rio Achaia"]
[Date "2018.07.12"]
[Round "4"]
[White "Balokas, Dimitrios"]
[Black "Vafiadis, Kleanthis"]
[Result "1/2-1/2"]
[ECO "A16"]
[WhiteElo "2259"]
[BlackElo "2275"]
[Annotator "NA"]
[PlyCount "79"]
[EventDate "2018.07.10"]
[EventType "team-tourn"]
[EventCountry "GRE"]
[SourceTitle "playchess.com"]
[Source "ChessBase"]
[SourceQuality "1"]
[TimeControl "40/5400+30:1800+30"]

1. c4 Nf6 2. Nc3 d6 3. d4 g6 4. e4 Bg7 5. Bd3 O-O 6. Nge2 Nc6 7. O-O Bd7 8. f3 e5 9. d5 Nb4 10. Bb1 a5 11. Be3 b6 12. a3 Na6 13. Bc2 Ne8 14. Qd2 f5 15. exf5 gxf5 16. Bg5 Bf6 17. Bh6 Bg7 18. Bg5 Nf6 19. Ng3 f4 20. Nh5 Qe8 21. Nxg7 Kxg7 22. Qf2 Qh5 23. Qh4 Qxh4 24. Bxh4 Ng8 25. Bf2 Ne7 26. Rfb1 Nc5 27. b4 Nb7 28. h3 Nf5 29. c5 axb4 30. axb4 dxc5 31. bxc5 Nd4 32. Bxd4 exd4 33. Rxa8 Rxa8 34. Ne2 Nxc5 35. Nxd4 h6 36. d6 cxd6 37. Rxb6 Kf6 38. Nb3 Nxb3 39. Bxb3 Ke5 40. Rb7 1/2-1/2

[Event "46th GRE-chT Premier 2018"]
[Site "Rio Achaia"]
[Date "2018.07.12"]
[Round "4"]
[White "Papadopoulos, Argirios"]
[Black "Karakatsanis, Nikolaos"]
[Result "1-0"]
[ECO "C42"]
[WhiteElo "2256"]
[BlackElo "1907"]
[Annotator "NA"]
[PlyCount "91"]
[EventDate "2018.07.10"]
[EventType "team-tourn"]
[EventCountry "GRE"]
[SourceTitle "playchess.com"]
[Source "ChessBase"]
[SourceQuality "1"]
[TimeControl "40/5400+30:1800+30"]

1. e4 e5 2. Nf3 Nf6 3. Nxe5 d6 4. Nf3 Nxe4 5. Nc3 Nxc3 6. dxc3 Be7 7. Be3 Nc6 8. Qd2 Be6 9. O-O-O Qd7 10. Kb1 a6 11. Nd4 Nxd4 12. Bxd4 O-O 13. h4 c5 14. Bxc5 dxc5 15. Qxd7 Bxd7 16. Rxd7 Rfd8 17. Rd3 c4 18. Rxd8+ Rxd8 19. Kc1 Bc5 20. Bxc4 Bxf2 21. Bxf7+ Kxf7 22. Rf1 Rd7 23. Rxf2+ Ke6 24. a4 b6 25. b3 h5 26. Kb2 Ke5 27. Re2+ Kf5 28. g3 Rd6 29. b4 b5 30. Kb3 Rc6 31. a5 Kg4 32. Re3 g6 33. Rd3 Kh3 34. Kb2 Kg4 35. Kc1 Kh3 36. Kd2 Kg4 37. Ke2 Kh3 38. Kf3 Rc4 39. Kf2 Rc6 40. Re3 Rf6+ 41. Ke2 Rd6 42. Kf3 Rf6+ 43. Ke4 Kg4 44. Kd5 Rf5+ 45. Kc6 Rf6+ 46. Kb7 1-0

[Event "46th GRE-chT Premier 2018"]
[Site "Rio Achaia"]
[Date "2018.07.12"]
[Round "4"]
[White "Karousos-Theodorakis, Nikolaos"]
[Black "Blitsas, Orestis"]
[Result "1-0"]
[ECO "C03"]
[WhiteElo "2255"]
[BlackElo "1584"]
[Annotator "NA"]
[PlyCount "73"]
[EventDate "2018.07.10"]
[EventType "team-tourn"]
[EventCountry "GRE"]
[SourceTitle "playchess.com"]
[Source "ChessBase"]
[SourceQuality "1"]
[TimeControl "40/5400+30:1800+30"]

1. e4 e6 2. d4 d5 3. Nd2 Be7 4. Ngf3 Nf6 5. Bd3 c5 6. dxc5 Nc6 7. O-O O-O 8. c3 Bxc5 9. b4 Be7 10. Qc2 h6 11. a3 Qc7 12. c4 dxe4 13. Nxe4 Nxe4 14. Bxe4 Bf6 15. Bb2 Bxb2 16. Qxb2 Bd7 17. Rfd1 Ne7 18. c5 Bc6 19. Bxc6 Nxc6 20. Rd6 Rfd8 21. Rad1 Rxd6 22. cxd6 Rd8 23. Qd2 Qb6 24. Qd3 a6 25. h3 Rd7 26. Qc3 Kf8 27. Rd3 Qb5 28. Nd4 Qb6 29. Nb3 Qd8 30. Qc5 Kg8 31. a4 f6 32. f4 Nb8 33. b5 axb5 34. axb5 b6 35. Qc4 Kf7 36. f5 Kf8 37. Nd4 1-0

[Event "46th GRE-chT Premier 2018"]
[Site "Rio Achaia"]
[Date "2018.07.12"]
[Round "4"]
[White "Hadzimanolis, Antonios"]
[Black "Roinos, Ilias"]
[Result "0-1"]
[ECO "A08"]
[WhiteElo "2246"]
[BlackElo "2220"]
[Annotator "NA"]
[PlyCount "68"]
[EventDate "2018.07.10"]
[EventType "team-tourn"]
[EventCountry "GRE"]
[SourceTitle "playchess.com"]
[Source "ChessBase"]
[SourceQuality "1"]
[TimeControl "40/5400+30:1800+30"]

1. Nf3 d5 2. g3 c5 3. Bg2 Nf6 4. O-O Nc6 5. c4 e6 6. b3 Be7 7. Bb2 O-O 8. d3 a6 9. Nbd2 b5 10. e3 Qc7 11. Qe2 Rd8 12. Rfc1 bxc4 13. bxc4 Rb8 14. Nb3 Nd7 15. Ba3 dxc4 16. Rxc4 Na5 17. Nxa5 Qxa5 18. Bb2 Qb5 19. Rc2 Bb7 20. Rac1 a5 21. Bc3 Ba6 22. Qe1 Qxd3 23. Bxa5 Rdc8 24. Nd2 Qa3 25. Nb3 Ne5 26. Rd1 Nd3 27. Qd2 c4 28. Nd4 Qa4 29. f4 g6 30. Nc6 Rxc6 31. Bxc6 Qxc6 32. Qxd3 Bb7 33. Qxc4 Qh1+ 34. Kf2 Qxd1 0-1

[Event "46th GRE-chT Premier 2018"]
[Site "Rio Achaia"]
[Date "2018.07.12"]
[Round "4"]
[White "Alexiadis, Hristos"]
[Black "Dimitrov, Atanas"]
[Result "0-1"]
[ECO "D10"]
[WhiteElo "2244"]
[BlackElo "2294"]
[Annotator "NA"]
[PlyCount "78"]
[EventDate "2018.07.10"]
[EventType "team-tourn"]
[EventCountry "GRE"]
[SourceTitle "playchess.com"]
[Source "ChessBase"]
[SourceQuality "1"]
[TimeControl "40/5400+30:1800+30"]

1. d4 Nf6 2. Nf3 d5 3. c4 c6 4. cxd5 cxd5 5. Nc3 Nc6 6. Bf4 e6 7. e3 Be7 8. h3 O-O 9. Bd3 Bd7 10. O-O Qa5 11. Qb3 Qb4 12. Qxb4 Nxb4 13. Be2 Rfc8 14. Ne5 Be8 15. f3 Nh5 16. Rac1 Nxf4 17. exf4 f6 18. Ng4 Bd6 19. g3 h5 20. Ne3 h4 21. f5 hxg3 22. f4 Bd7 23. a3 Nc6 24. fxe6 Bxe6 25. Bg4 Nxd4 26. Bxe6+ Nxe6 27. Nexd5 Rc4 28. b3 Rxf4 29. Nxf4 Nxf4 30. b4 Be5 31. Rcd1 Nxh3+ 32. Kg2 Nf4+ 33. Kg1 Nh3+ 34. Kg2 Nf4+ 35. Kg1 Rc8 36. Ne4 Rc2 37. Rd8+ Kh7 38. Nd2 Bd4+ 39. Rxd4 Ne2+ 0-1

[Event "46th GRE-chT Premier 2018"]
[Site "Rio Achaia"]
[Date "2018.07.12"]
[Round "4"]
[White "Georgiou, Kostantinos"]
[Black "Mitsis, Georgios"]
[Result "1/2-1/2"]
[ECO "A46"]
[WhiteElo "2242"]
[BlackElo "2350"]
[Annotator "NA"]
[PlyCount "116"]
[EventDate "2018.07.10"]
[EventType "team-tourn"]
[EventCountry "GRE"]
[SourceTitle "playchess.com"]
[Source "ChessBase"]
[SourceQuality "1"]
[TimeControl "40/5400+30:1800+30"]

1. d4 Nf6 2. Nf3 e6 3. g3 d5 4. Bg2 c5 5. O-O cxd4 6. Nxd4 e5 7. Nb3 Be6 8. c4 Nc6 9. cxd5 Nxd5 10. N1d2 Qc7 11. Ne4 O-O-O 12. Bd2 Nb6 13. Qc2 Bxb3 14. axb3 Nd4 15. Qd1 Kb8 16. e3 Nc6 17. Qf3 f6 18. Rfc1 Qd7 19. Ba5 Nxa5 20. Rxa5 Bb4 21. Nc5 Bxc5 22. Raxc5 Rc8 23. b4 Rhd8 24. Ra1 Rc7 25. Rca5 Nc8 26. h4 Qe7 27. Qe4 g6 28. h5 Nd6 29. Qb1 b6 30. Ra6 e4 31. h6 f5 32. Qe1 Nc8 33. Bf1 Qd6 34. b3 Qf6 35. Bc4 g5 36. Rd1 Rcd7 37. Raa1 Qxh6 38. Rxd7 Rxd7 39. Qc3 Qg7 40. Qxg7 Rxg7 41. Be6 Nd6 42. Rd1 Kc7 43. Rd5 Re7 44. Bg8 a6 45. Rd1 h6 46. Bd5 Re5 47. Rc1+ Kd7 48. Bc6+ Ke7 49. Kg2 a5 50. bxa5 bxa5 51. Ba4 Rd5 52. Bc6 Rd2 53. Rc5 Rb2 54. Ba4 Ke6 55. Rxa5 Nf7 56. Ra6+ Ke7 57. Ra7+ Kf6 58. Ra6+ Ke7 1/2-1/2

[Event "46th GRE-chT Premier 2018"]
[Site "Rio Achaia"]
[Date "2018.07.12"]
[Round "4"]
[White "Grigoriadis, Mihail"]
[Black "Korniotis, Filippos"]
[Result "0-1"]
[ECO "A45"]
[WhiteElo "2236"]
[BlackElo "2163"]
[Annotator "NA"]
[PlyCount "120"]
[EventDate "2018.07.10"]
[EventType "team-tourn"]
[EventCountry "GRE"]
[SourceTitle "playchess.com"]
[Source "ChessBase"]
[SourceQuality "1"]
[TimeControl "40/5400+30:1800+30"]

1. d4 Nf6 2. Bf4 g6 3. Nc3 d5 4. e3 Bg7 5. h4 h5 6. Nb5 Na6 7. Be2 c6 8. Nc3 c5 9. Nf3 Bf5 10. O-O O-O 11. Ne5 Nb4 12. Rc1 Rc8 13. a3 Na6 14. f3 cxd4 15. exd4 Qb6 16. Na4 Qa5 17. c3 b5 18. b4 Nxb4 19. axb4 Qxa4 20. Qxa4 bxa4 21. Ba6 Ra8 22. Nc6 Kh7 23. Bb7 Rae8 24. Nxa7 Bh6 25. Bxh6 Kxh6 26. Nc6 Nd7 27. Rfe1 e6 28. Na5 Nb6 29. Bc6 Rc8 30. Re2 Rc7 31. Ra2 Rfc8 32. b5 Rb8 33. c4 Ra7 34. c5 Rxa5 35. cxb6 Rxb6 36. Rc3 e5 37. dxe5 d4 38. Rca3 d3 39. Kf2 Be6 40. Rxa4 d2 41. Rxa5 d1=Q 42. R2a3 Qd4+ 43. Kg3 Qxe5+ 44. Kf2 Bc4 45. R3a4 Qe2+ 46. Kg3 Qe1+ 47. Kh3 Qh1+ 48. Kg3 Qe1+ 49. Kh3 Be6+ 50. Kh2 Bb3 51. Ra1 Qxh4+ 52. Kg1 Bd5 53. Bxd5 Qd4+ 54. Kh1 Qxd5 55. R1a4 Rxb5 56. Rxb5 Qxb5 57. Re4 Qf1+ 58. Kh2 Qf2 59. Rc4 h4 60. Re4 Qg3+ 0-1

[Event "46th GRE-chT Premier 2018"]
[Site "Rio Achaia"]
[Date "2018.07.12"]
[Round "4"]
[White "Alexakis, Dimitris"]
[Black "Georgakopoulos, Nikolaos K"]
[Result "0-1"]
[ECO "B33"]
[WhiteElo "2232"]
[BlackElo "2033"]
[Annotator "NA"]
[PlyCount "84"]
[EventDate "2018.07.10"]
[EventType "team-tourn"]
[EventCountry "GRE"]
[SourceTitle "playchess.com"]
[Source "ChessBase"]
[SourceQuality "1"]
[TimeControl "40/5400+30:1800+30"]

1. e4 c5 2. Nf3 Nc6 3. d4 cxd4 4. Nxd4 Nf6 5. Nc3 e5 6. Ndb5 d6 7. Bg5 a6 8. Na3 b5 9. Bxf6 gxf6 10. Nd5 Bg7 11. c3 f5 12. exf5 Bxf5 13. Nc2 O-O 14. Nce3 Be6 15. Bd3 f5 16. O-O Ra7 17. a4 b4 18. cxb4 Kh8 19. Rc1 Ne7 20. Bc4 f4 21. Nxe7 Rxe7 22. Nd5 Bxd5 23. Bxd5 e4 24. Rc4 e3 25. fxe3 fxe3 26. Qe2 Rxf1+ 27. Kxf1 Re8 28. Rc2 Qg5 29. Bf3 d5 30. b5 d4 31. bxa6 Qf5 32. Qb5 Qf7 33. a7 Rd8 34. Qb7 Qxb7 35. Bxb7 d3 36. Rc8 e2+ 37. Kf2 Bd4+ 38. Ke1 Bc3+ 39. bxc3 d2+ 40. Kxe2 d1=Q+ 41. Kf2 Rxc8 42. Bxc8 Qxa4 0-1

[Event "46th GRE-chT Premier 2018"]
[Site "Rio Achaia"]
[Date "2018.07.12"]
[Round "4"]
[White "Juhasz, Barbara"]
[Black "Markaki, Sofia"]
[Result "1-0"]
[ECO "B51"]
[WhiteElo "2227"]
[BlackElo "1694"]
[Annotator "NA"]
[PlyCount "87"]
[EventDate "2018.07.10"]
[EventType "team-tourn"]
[EventCountry "GRE"]
[SourceTitle "playchess.com"]
[Source "ChessBase"]
[SourceQuality "1"]
[TimeControl "40/5400+30:1800+30"]

1. e4 c5 2. Nf3 d6 3. Bb5+ Nd7 4. d4 cxd4 5. Qxd4 a6 6. Bxd7+ Qxd7 7. c4 Nf6 8. Nc3 e6 9. O-O Be7 10. Rd1 O-O 11. b3 b5 12. cxb5 axb5 13. e5 Ne8 14. exd6 Nxd6 15. Bb2 f6 16. Qe3 Qb7 17. Rd2 b4 18. Na4 Nf5 19. Qe2 Qa6 20. Qd1 e5 21. Rc1 Be6 22. h3 Rac8 23. Rcc2 Rxc2 24. Rxc2 Rc8 25. Bc1 e4 26. Ne1 Kf7 27. Rxc8 Qxc8 28. Nc2 g6 29. Ne3 Nh4 30. Bb2 Kg7 31. Qd4 Qc6 32. Nb6 Bxh3 33. Nbd5 Qe6 34. Nf4 Qc8 35. Nxh3 Qxh3 36. Qxe4 Qd7 37. Qxh4 Qd2 38. Qd4 Qe1+ 39. Nf1 h5 40. Qe3 Qxe3 41. Nxe3 g5 42. Nf5+ Kf7 43. Nxe7 Kxe7 44. Bd4 1-0

[Event "46th GRE-chT Premier 2018"]
[Site "Rio Achaia"]
[Date "2018.07.12"]
[Round "4"]
[White "Sigalas, Frangiskos"]
[Black "Mavrikakis, Georgios"]
[Result "1/2-1/2"]
[ECO "C60"]
[WhiteElo "2213"]
[BlackElo "2127"]
[Annotator "NA"]
[PlyCount "46"]
[EventDate "2018.07.10"]
[EventType "team-tourn"]
[EventCountry "GRE"]
[SourceTitle "playchess.com"]
[Source "ChessBase"]
[SourceQuality "1"]
[TimeControl "40/5400+30:1800+30"]

1. e4 e5 2. Nf3 Nc6 3. Bb5 Nge7 4. O-O g6 5. c3 Bg7 6. d4 exd4 7. cxd4 d5 8. exd5 Nxd5 9. Re1+ Be6 10. Bg5 Qd6 11. Nbd2 O-O 12. Ne4 Qb4 13. Bxc6 bxc6 14. Qc1 Rae8 15. b3 Bf5 16. Bd2 Qb6 17. Nc5 Nb4 18. Qc4 Nc2 19. Rxe8 Rxe8 20. Rc1 Na3 21. Qa4 Nc2 22. Qc4 Na3 23. Qa4 Nc2 1/2-1/2

[Event "46th GRE-chT Premier 2018"]
[Site "Rio Achaia"]
[Date "2018.07.12"]
[Round "4"]
[White "Michos, Thomas"]
[Black "Petrakis, Ilias"]
[Result "1-0"]
[ECO "A40"]
[WhiteElo "2211"]
[BlackElo "2118"]
[Annotator "NA"]
[PlyCount "103"]
[EventDate "2018.07.10"]
[EventType "team-tourn"]
[EventCountry "GRE"]
[SourceTitle "playchess.com"]
[Source "ChessBase"]
[SourceQuality "1"]
[TimeControl "40/5400+30:1800+30"]

1. d4 g6 2. Nf3 Bg7 3. c3 d6 4. e4 Nc6 5. Be2 Nf6 6. Qc2 e5 7. dxe5 dxe5 8. Bg5 O-O 9. O-O h6 10. Bh4 Qe8 11. Nbd2 Nh5 12. Rfe1 Nf4 13. Bf1 Be6 14. Bc4 Bxc4 15. Nxc4 Qe6 16. Ne3 Ne7 17. a3 f6 18. Bg3 Nh5 19. Nd5 Nxd5 20. exd5 Qf7 21. Rad1 Rfe8 22. c4 Nxg3 23. hxg3 f5 24. Re2 Rad8 25. Qb3 c6 26. Red2 e4 27. Nh2 c5 28. Nf1 g5 29. Ne3 f4 30. gxf4 gxf4 31. Ng4 Qg6 32. Qh3 h5 33. Nh2 Rd6 34. Kh1 Bd4 35. Re2 Rb6 36. b4 Rf6 37. b5 Rf7 38. Rde1 Bg7 39. Nf3 Bf6 40. Nd2 Rfe7 41. d6 Re5 42. d7 R8e6 43. f3 e3 44. Ne4 Bd8 45. Rd1 Rxe4 46. fxe4 Rxe4 47. Rd5 f3 48. gxf3 Rh4 49. Qxh4 Bxh4 50. Rg2 Qxg2+ 51. Kxg2 e2 52. Re5 1-0

[Event "46th GRE-chT Premier 2018"]
[Site "Rio Achaia"]
[Date "2018.07.12"]
[Round "4"]
[White "Tsekouras, Theodoros"]
[Black "Papageorgiou, Ioannis"]
[Result "0-1"]
[ECO "B42"]
[WhiteElo "2210"]
[BlackElo "1983"]
[Annotator "NA"]
[PlyCount "100"]
[EventDate "2018.07.10"]
[EventType "team-tourn"]
[EventCountry "GRE"]
[SourceTitle "playchess.com"]
[Source "ChessBase"]
[SourceQuality "1"]
[TimeControl "40/5400+30:1800+30"]

1. e4 c5 2. Nf3 e6 3. d4 cxd4 4. Nxd4 a6 5. Bd3 Nf6 6. O-O Qc7 7. Qe2 d6 8. c4 g6 9. b3 Bg7 10. Bb2 O-O 11. Nc2 Nc6 12. Nc3 Ne5 13. Rad1 b6 14. f4 Nxd3 15. Qxd3 Rd8 16. Ba3 Ne8 17. e5 Bf8 18. Ne4 Bb7 19. Nxd6 Qc6 20. Rf2 Nxd6 21. Bxd6 Bxd6 22. exd6 Rd7 23. Ne3 h5 24. Rfd2 Rad8 25. Kf2 Qc5 26. Qd4 Rxd6 27. Qxd6 Rxd6 28. Rxd6 a5 29. Ke2 h4 30. Rd7 Bc6 31. R7d6 Kg7 32. R1d2 Be4 33. R6d4 Bb1 34. g3 Bxa2 35. R4d3 Bb1 36. Rd7 hxg3 37. hxg3 Qh5+ 38. g4 Qh2+ 39. Kf3 Qh3+ 40. Kf2 Be4 41. Nf1 Qxg4 42. R2d4 Qxf4+ 43. Ke1 Qh4+ 44. Ke2 Qg4+ 45. Ke1 e5 46. R4d6 Bf5 47. Rc7 Qe4+ 48. Kf2 Qf4+ 49. Ke1 e4 50. Rdc6 e3 0-1

[Event "46th GRE-chT Premier 2018"]
[Site "Rio Achaia"]
[Date "2018.07.12"]
[Round "4"]
[White "Azis, Azizis Ektoras"]
[Black "Fragkos, Vasilios"]
[Result "1-0"]
[ECO "D00"]
[WhiteElo "2209"]
[BlackElo "2066"]
[Annotator "NA"]
[PlyCount "65"]
[EventDate "2018.07.10"]
[EventType "team-tourn"]
[EventCountry "GRE"]
[SourceTitle "playchess.com"]
[Source "ChessBase"]
[SourceQuality "1"]
[TimeControl "40/5400+30:1800+30"]

1. d4 d5 2. Bg5 h6 3. Bh4 Nd7 4. e3 Ngf6 5. f4 c5 6. c3 Qb6 7. Qe2 Ne4 8. Nf3 e6 9. Qb5 f6 10. Qxb6 Nxb6 11. Nbd2 g5 12. Bf2 cxd4 13. Nxe4 dxe4 14. Nxd4 gxf4 15. exf4 Nd5 16. O-O-O a6 17. f5 exf5 18. Bc4 Nf4 19. g3 Nh3 20. Be3 Bc5 21. Rhf1 Ng5 22. Nxf5 Bxf5 23. Bxc5 Bg4 24. Rd6 Rc8 25. b4 f5 26. h4 Nf3 27. Re6+ Kf7 28. Rxe4+ Kg7 29. Re7+ Kf6 30. Rxb7 Ne5 31. Bxa6 Rc6 32. Bb5 Re6 33. a4 1-0

[Event "46th GRE-chT Premier 2018"]
[Site "Rio Achaia"]
[Date "2018.07.12"]
[Round "4"]
[White "Sandalakis, Nikolaos"]
[Black "Hristodoulou, Panagiotis"]
[Result "1-0"]
[ECO "B03"]
[WhiteElo "2209"]
[BlackElo "2329"]
[Annotator "NA"]
[PlyCount "109"]
[EventDate "2018.07.10"]
[EventType "team-tourn"]
[EventCountry "GRE"]
[SourceTitle "playchess.com"]
[Source "ChessBase"]
[SourceQuality "1"]
[TimeControl "40/5400+30:1800+30"]

1. e4 Nf6 2. e5 Nd5 3. d4 d6 4. c4 Nb6 5. exd6 cxd6 6. Nc3 g6 7. Be3 Bg7 8. Rc1 O-O 9. b3 e5 10. dxe5 dxe5 11. Qxd8 Rxd8 12. c5 N6d7 13. Bc4 Nc6 14. Nf3 Na5 15. Be2 b6 16. O-O bxc5 17. Rfd1 Nc6 18. Ng5 Nd4 19. Bc4 Rf8 20. Nd5 Bf6 21. Ne4 Kg7 22. Ndxf6 Nxf6 23. Nxc5 Nf5 24. Bg5 Nd4 25. f4 Re8 26. Bxf6+ Kxf6 27. fxe5+ Rxe5 28. Rxd4 Rxc5 29. Rf1+ Rf5 30. Rd8 Rxf1+ 31. Kxf1 Ke7 32. Rh8 h5 33. Kf2 Bb7 34. Rxa8 Bxa8 35. h4 f6 36. g3 Bc6 37. Ke3 g5 38. Be2 Be8 39. b4 Kd6 40. Kd4 gxh4 41. gxh4 Bf7 42. a3 Be8 43. Bf3 Bf7 44. Bd1 Bg6 45. Be2 Bf7 46. b5 Bg6 47. Bf3 Bf7 48. a4 Be8 49. Kc4 Bf7+ 50. Kb4 f5 51. a5 Bd5 52. Bxd5 Kxd5 53. a6 f4 54. b6 f3 55. bxa7 1-0

[Event "46th GRE-chT Premier 2018"]
[Site "Rio Achaia"]
[Date "2018.07.12"]
[Round "4"]
[White "Tzouganakis, Panteleimon"]
[Black "Papadopoulos, Nikolaos"]
[Result "0-1"]
[ECO "B06"]
[WhiteElo "2206"]
[BlackElo "2228"]
[Annotator "NA"]
[PlyCount "72"]
[EventDate "2018.07.10"]
[EventType "team-tourn"]
[EventCountry "GRE"]
[SourceTitle "playchess.com"]
[Source "ChessBase"]
[SourceQuality "1"]
[TimeControl "40/5400+30:1800+30"]

1. e4 g6 2. d4 c6 3. Nc3 Bg7 4. Be3 d6 5. Qd2 b5 6. Bd3 Nf6 7. f3 Qa5 8. e5 dxe5 9. dxe5 b4 10. exf6 bxc3 11. bxc3 Bxf6 12. Ne2 O-O 13. O-O Nd7 14. f4 Nc5 15. Bd4 Rd8 16. Rad1 Bg4 17. h3 Nxd3 18. Qxd3 Bf5 19. Qe3 Bxc2 20. Rd2 Ba4 21. f5 Qd5 22. Qh6 Qc4 23. Rf4 Rxd4 24. cxd4 Qb4 25. fxg6 hxg6 26. Rg4 Rd8 27. h4 Rd5 28. Nf4 Qxd2 29. Rxg6+ fxg6 30. Qxg6+ Bg7 31. Qe6+ Kh8 32. Nxd5 cxd5 33. Qc8+ Kh7 34. Qf5+ Kh6 35. Qe6+ Bf6 36. g4 Qxd4+ 0-1

[Event "46th GRE-chT Premier 2018"]
[Site "Rio Achaia"]
[Date "2018.07.12"]
[Round "4"]
[White "Koyias, Konstantinos"]
[Black "Kanellopoulos, Panayotis"]
[Result "0-1"]
[ECO "A15"]
[WhiteElo "2192"]
[BlackElo "2239"]
[Annotator "NA"]
[PlyCount "84"]
[EventDate "2018.07.10"]
[EventType "team-tourn"]
[EventCountry "GRE"]
[SourceTitle "playchess.com"]
[Source "ChessBase"]
[SourceQuality "1"]
[TimeControl "40/5400+30:1800+30"]

1. c4 Nf6 2. g3 g6 3. Bg2 Bg7 4. Nc3 O-O 5. d4 d6 6. h3 Nbd7 7. e3 e5 8. Nge2 Re8 9. O-O h5 10. b3 Qe7 11. e4 Qd8 12. d5 a5 13. a3 Nh7 14. Rb1 h4 15. g4 Rf8 16. Be3 f5 17. f3 Bf6 18. Qd2 b6 19. b4 axb4 20. axb4 fxg4 21. fxg4 Bg5 22. Rxf8+ Kxf8 23. Nb5 Bxe3+ 24. Qxe3 Kg7 25. Kh1 Ba6 26. Nec3 g5 27. Qf2 Ndf8 28. Nd1 Ng6 29. Ne3 Nf4 30. Nf5+ Kg6 31. Bf1 Bxb5 32. cxb5 Nf6 33. Qc2 Ra3 34. Kh2 Ra7 35. Rc1 Qa8 36. Kh1 Ne8 37. Qc4 Ra1 38. Rxa1 Qxa1 39. Kh2 Qe1 40. Ne7+ Kf7 41. Nf5 Kf8 42. Bg2 Ne2 0-1

[Event "46th GRE-chT Premier 2018"]
[Site "Rio Achaia"]
[Date "2018.07.12"]
[Round "4"]
[White "Liodakis, Konstantinos-Spyros"]
[Black "Tsomis, Dimitrios"]
[Result "1-0"]
[ECO "B94"]
[WhiteElo "2183"]
[BlackElo "1938"]
[Annotator "NA"]
[PlyCount "61"]
[EventDate "2018.07.10"]
[EventType "team-tourn"]
[EventCountry "GRE"]
[SourceTitle "playchess.com"]
[Source "ChessBase"]
[SourceQuality "1"]
[TimeControl "40/5400+30:1800+30"]

1. e4 c5 2. Nf3 d6 3. d4 cxd4 4. Nxd4 Nf6 5. Nc3 a6 6. Bg5 Nbd7 7. Bc4 Qc7 8. Qe2 h6 9. Bh4 g5 10. Bg3 Ne5 11. Bb3 e6 12. O-O-O Bd7 13. h4 Rg8 14. hxg5 hxg5 15. Nf3 Nfg4 16. Nxe5 Nxe5 17. Rh7 Be7 18. Bxe5 dxe5 19. Rxd7 Qxd7 20. Ba4 b5 21. Nxb5 O-O-O 22. Nc3 Qd6 23. Rxf7 Rh8 24. Nd1 Rh1 25. c3 g4 26. Rg7 Bf8 27. Qc4+ Kb8 28. Qb3+ Qb4 29. cxb4 Bxg7 30. Qxe6 Bh6+ 31. Kb1 1-0